 Dungeon Sprint DCSS version 0.30.1-6-gbe392663c4 (webtiles) character file.

Game seed: 10085655264237551123

44718 Heoruswealwe the Minotaur Porcupine (level 13, -29/154 HPs)
             Began as a Minotaur Fighter on Sept 21, 2023.
             Was the Champion of the Shining One.
             Killed from afar by a frost giant (32 damage)
             ... with a bolt of cold
             ... while paralysed by a floating eye
             ... in the Dungeon (Sprint IX: "|||||||||||||||||||||||||||||").
             The game lasted 00:39:44 (3395 turns).

Heoruswealwe the Minotaur Porcupine (MiFi)          Turns: 3395, Time: 00:39:44

Health: -29/154    AC: 32    Str: 27    XL:     13   Next: 97%
Magic:  22/22      EV:  2    Int:  5    God:    the Shining One [******]
Gold:   23         SH:  0    Dex: 14    Spells: 12/12 levels left

rFire   + . .        a - +2 trishula (holy)
rCold   . . .        d - +0 tower shield
rNeg    + + +        c - +5 chain mail of the Iron Devil {rPois rCorr MP+9}
rPois   +            (helmet restricted)
rElec   .            h - +0 cloak
rCorr   +            f - +3 pair of gloves "Wodd" {Dex+5}
SInv    .            e - +1 pair of boots
Will    .....        (no amulet) Stlth
                     k - ring of protection from fire
HPRegen 0.45/turn    j - ring of resist corrosion
MPRegen 0.18/turn

%: no teleportation
@: paralysed, glowing
A: horns 2, retaliatory headbutt
a: Renounce Religion, Divine Shield, Cleansing Flame, Summon Divine Warrior


You were in the Dungeon.
You worshipped the Shining One.
The Shining One was exalted by your worship.
You visited 1 branch You collected 1934 gold pieces.
You spent 1911 gold pieces at shops.

Inventory:

Hand Weapons
 a - a +2 trishula of holy wrath (weapon)
 b - a +3 glaive
 g - a +0 bardiche
 m - a +0 spear
 r - a +0 halberd
 s - a +0 trident
Armour
 c - the +5 chain mail of the Iron Devil (worn) {rPois rCorr MP+9}
   (You bought it in a shop in the Dungeon)

   rPois:     It protects you from poison.
   MP:        It affects your magic capacity (+9).
   rCorr:     It protects you from acid and corrosion.
 d - a +0 tower shield (worn)
 e - a +1 pair of boots (worn)
 f - the +3 pair of gloves "Wodd" (worn) {Dex+5}
   (You found it in the Dungeon)

   Dex:       It affects your dexterity (+5).
 h - a +0 cloak (worn)
 p - a +2 plate armour of poison resistance
Jewellery
 j - a ring of resist corrosion (right hand)
 k - a ring of protection from fire (left hand)
Wands
 q - a wand of quicksilver (12)
Scrolls
 n - 5 scrolls of identify
Potions
 i - a potion of berserk rage
 l - 2 potions of mutation
 o - a potion of resistance
 v - a potion of haste


   Skills:
 * Level 25.4 Fighting
 O Level 27 Polearms
 + Level 25.3 Armour
 - Level 3.6 Shields
 + Level 2.3 Invocations
 + Level 2.1 Evocations


You had 12 spell levels left.
You didn't know any spells.
Your spell library contained the following spells:

 Spells                   Type           Power      Damage    Failure   Level
 Olgreb's Toxic Radiance  Pois           0%         N/A       100%        4
 Discord                  Hex            0%         N/A       100%        8
 Ignition                 Fire           0%         3d3       100%        8


Dungeon Overview and Level Annotations

Branches:
Dungeon (1/1)

Altars:
Cheibriados
Dithmenos
Elyvilon
Fedhas
Gozag
Hepliaklqana
Kikubaaqudgha
Makhleb
Nemelex Xobeh
Okawaru
Qazlal
Ru
Sif Muna
Trog
Uskayaw
Vehumet
Wu Jian
Xom
Yredelemnul
Zin
The Shining One
Jiyva
Lugonu

Shops:
D *[([


Innate Abilities, Weirdness & Mutations

You have a pair of horns on your head.
You reflexively headbutt those who attack you in melee.


Message History

The blast of rock fragments hits you but does no damage.
Your Invocations skill increases to level 2!
Your Evocations skill increases to level 2!
You puncture the frost giant!
The frost giant is lightly wounded.
The frost giant points at you and mumbles some strange words.
The bolt of cold hits you!!
You puncture the frost giant!
The frost giant is moderately wounded.
The floating eye gazes piercingly through you!
You suddenly lose the ability to move!
The frost giant hits you but does no damage.
The frost giant points at you and mumbles some strange words.
The bolt of cold hits you!!
The floating eye's stare focuses on you.
The floating eye gazes piercingly through you!
You shrug off the repeated paralysis!
The frost giant gestures at you while chanting.
The bolt of cold hits you!!
* * * LOW HITPOINT WARNING * * *
The floating eye seems to glare at you.
The frost giant gestures at you while chanting.
The bolt of cold hits you!!!
* * * LOW HITPOINT WARNING * * *
You can move again.
Okay, then.
Okay, then.
The frost giant attacks as you move away!
The frost giant hits you but does no damage.
The frost giant attacks as you move away!
The frost giant hits you with a +1 battleaxe of freezing.
* * * LOW HITPOINT WARNING * * *
The frost giant freezes you. The Shining One protects you from harm!
You are no longer terrified.
The floating eye gazes piercingly through you!
You suddenly lose the ability to move!
The frost giant gestures at you while chanting.
The bolt of cold hits you!!
You die...

▓▓▓▓▓▓▓▓▓▓▓▓▓▓▓▓▓▓▓▓▓▓▓▓▓
▓...........@CG.TKG..QT.T
▓.▓▓▓▓▓▓▓▓▓▓▓▓▓▓▓▓▓▓▓▓▓▓▓▓▓▓▓
▓..................†.........
▓▓▓▓▓▓▓▓▓▓▓▓▓▓▓▓▓▓▓▓▓▓▓▓▓▓▓▓▓
▓...............[)........'.[
▓.▓▓▓▓▓▓▓▓▓▓▓▓▓▓▓▓▓▓▓▓▓▓▓▓▓▓▓
▓............................
▓▓▓▓▓▓▓▓▓▓▓▓▓▓▓▓▓▓▓▓▓▓▓▓▓▓▓▓▓
▓.........').=..))).)))).[[[[


You could see a frost giant, a glowing orange brain, a deep troll earth mage, a
floating eye and a kobold (summoned).

Vanquished Creatures
  Kirke (D)
  A frost giant (D)
  A fire giant (D)
  A nagaraja (D)
  A vampire knight (D)
  Snorg (D)
  A fire dragon (D)
  2 ettins (D)
  A merfolk impaler (D)
  2 entropy weavers (D)
  A merfolk javelineer (D)
  Josephine (D)
  4 centaur warriors (D)
  A rakshasa (D)
  3 merfolk avatars (D)
  An anaconda (D)
  An alligator (D)
  A tengu warrior (D)
  A two-headed ogre (D)
  A naga warrior (D)
  2 orc high priests (D)
  Sonja (D)
  A pharaoh ant (D)
  A salamander mystic (D)
  A skyshark (D)
  A goliath frog (D)
  A naga ritualist (D)
  An orb spider (D)
  A spriggan druid (D)
  A steelbarb worm (D)
  A sea snake (D)
  3 swamp dragons (D)
  4 orc knights (D)
  A mana viper (D)
  A moth of wrath (D)
  2 ugly things (D)
  A faun (shapeshifter) (D)
  2 cyclopes (D)
  3 orc sorcerers (D)
  A black mamba (D)
  Maurice (D)
  8 elephants (D)
  2 cane toads (D)
  A merfolk siren (D)
  2 naga magi (D)
  A torpor snail (D)
  A demonic crawler (D)
  2 unseen horrors (D)
  A rime drake (D)
  3 komodo dragons (D)
  A merfolk (D)
  A tyrant leech (D)
  4 blink frogs (D)
  A tarantella (D)
  A wind drake (D)
  2 hornets (D)
  2 slime creatures (D)
  A jumping spider (D)
  2 spriggans (D)
  3 hogs (D)
  A wyvern (D)
  A basilisk (D)
  2 yaks (D)
  4 wraiths (D)
  Grum (D)
  2 vampire mosquitoes (D)
  4 water moccasins (D)
  12 orc warriors (D)
  An ogre (D)
  3 wolves (D)
  A centaur (D)
  A scorpion (D)
  A howler monkey (D)
  3 orc priests (D)
  An iguana (D)
  2 orc wizards (D)
  An adder (D)
  A dart slug (D)
  13 orcs (D)
  A ball python (D)
  A bat (D)
  A hobgoblin (D)
  A kobold (D)
156 creatures vanquished.

Vanquished Creatures (others)
  A human (D)
1 creature vanquished.

Grand Total: 157 creatures vanquished

Notes
Turn   | Place    | Note
-------+----------+-------------------------------------------
     0 | D        | Heoruswealwe the Minotaur Fighter began the quest for the
                  | Orb.
     0 | D        | Reached XP level 1. HP: 19/19 MP: 0/0
     6 | D        | Reached skill level 3 in Polearms
    15 | D        | Reached skill level 4 in Polearms
    15 | D        | Reached XP level 2. HP: 28/28 MP: 1/1
    21 | D        | Noticed a scorpion
    21 | D        | Noticed a howler monkey
    21 | D        | Noticed an ogre
    26 | D        | Killed a scorpion
    27 | D        | Reached skill level 5 in Fighting
    27 | D        | Reached skill level 6 in Polearms
    27 | D        | Reached skill level 5 in Armour
    27 | D        | Reached XP level 3. HP: 33/37 MP: 2/2
    29 | D        | Reached skill level 8 in Polearms
    29 | D        | Reached XP level 4. HP: 41/45 MP: 3/3
    46 | D        | Killed an ogre
    47 | D        | Reached skill level 10 in Polearms
    47 | D        | Reached XP level 5. HP: 32/53 MP: 4/4
    53 | D        | Found a snail-covered altar of Cheibriados.
    53 | D        | Found a shadowy altar of Dithmenos.
    53 | D        | Found a white marble altar of Elyvilon.
    53 | D        | Found a blossoming altar of Fedhas.
    53 | D        | Found an opulent altar of Gozag.
    54 | D        | Found a hazy altar of Hepliaklqana.
    55 | D        | Found a viscous altar of Jiyva.
    56 | D        | Found an ancient bone altar of Kikubaaqudgha.
    57 | D        | Found a corrupted altar of Lugonu.
    58 | D        | Found a burning altar of Makhleb.
    59 | D        | Found a sparkling altar of Nemelex Xobeh.
    60 | D        | Found an iron altar of Okawaru.
    61 | D        | Found a stormy altar of Qazlal.
    62 | D        | Found a sacrificial altar of Ru.
    63 | D        | Found a shimmering blue altar of Sif Muna.
    64 | D        | Found a bloodstained altar of Trog.
    65 | D        | Found a hide-covered altar of Uskayaw.
    66 | D        | Found a radiant altar of Vehumet.
    67 | D        | Found an ornate altar of the Wu Jian Council.
    68 | D        | Found a shimmering altar of Xom.
    69 | D        | Found a basalt altar of Yredelemnul.
    70 | D        | Found a glowing silver altar of Zin.
    71 | D        | Found a glowing golden altar of the Shining One.
    79 | D        | Became a worshipper of the Shining One
   121 | D        | Noticed a vampire mosquito
   121 | D        | Reached * piety under the Shining One
   121 | D        | Noticed a yak
   121 | D        | Noticed a two-headed ogre
   121 | D        | Noticed a vampire mosquito
   121 | D        | Reached ** piety under the Shining One
   125 | D        | Killed a vampire mosquito
   126 | D        | Reached skill level 11 in Polearms
   126 | D        | Reached XP level 6. HP: 63/63 MP: 5/5
   128 | D        | Killed a yak
   129 | D        | Reached skill level 12 in Polearms
   132 | D        | Killed a two-headed ogre
   132 | D        | Noticed an unseen horror
   133 | D        | Reached skill level 14 in Polearms
   133 | D        | Reached XP level 7. HP: 35/74 MP: 6/6
   133 | D        | Reached XP level 8. HP: 39/82 MP: 7/7
   140 | D        | Reached *** piety under the Shining One
   141 | D        | Reached skill level 15 in Polearms
   143 | D        | Killed an unseen horror
   242 | D        | Noticed a centaur warrior
   242 | D        | Noticed a centaur warrior
   242 | D        | Noticed a purple ugly thing
   242 | D        | Noticed a slime creature
   242 | D        | Reached **** piety under the Shining One
   243 | D        | Noticed an unseen horror
   250 | D        | Killed a centaur warrior
   251 | D        | Reached skill level 17 in Polearms
   251 | D        | Reached XP level 9. HP: 61/92 MP: 8/8
   255 | D        | Killed a centaur warrior
   256 | D        | Reached skill level 18 in Polearms
   262 | D        | Killed an unseen horror
   268 | D        | Killed a purple ugly thing
   502 | D        | Got the +3 pair of gloves "Wodd" {Dex+5}
   516 | D        | Noticed a komodo dragon
   520 | D        | Reached skill level 19 in Polearms
   521 | D        | Reached ***** piety under the Shining One
   523 | D        | Reached XP level 10. HP: 104/104 MP: 9/9
   535 | D        | Reached skill level 20 in Polearms
   557 | D        | Reached skill level 15 in Fighting
   557 | D        | Reached skill level 15 in Armour
   561 | D        | Noticed a skyshark
   561 | D        | Noticed a cane toad
   561 | D        | Noticed a torpor snail
   565 | D        | Noticed a cane toad
   569 | D        | Killed a skyshark
   582 | D        | Killed a cane toad
   585 | D        | Killed a torpor snail
   586 | D        | Reached skill level 21 in Polearms
   593 | D        | Killed a cane toad
   816 | D        | Noticed an elephant
   816 | D        | Noticed an elephant
   816 | D        | Noticed an elephant
   816 | D        | Noticed an elephant
   816 | D        | Reached ****** piety under the Shining One
   816 | D        | Noticed an elephant
   816 | D        | Noticed an elephant
   822 | D        | Killed an elephant
   823 | D        | Reached XP level 11. HP: 99/114 MP: 10/10
   827 | D        | Reached skill level 22 in Polearms
  1002 | D        | Noticed Josephine
  1003 | D        | Noticed Maurice
  1011 | D        | Killed Josephine
  1012 | D        | Reached skill level 23 in Polearms
  1016 | D        | Killed Maurice
  1071 | D        | Noticed Grum
  1080 | D        | Killed Grum
  1270 | D        | Noticed an orc sorcerer
  1270 | D        | Noticed an orc knight
  1276 | D        | Killed an orc sorcerer
  1279 | D        | Reached skill level 24 in Polearms
  1285 | D        | Killed an orc knight
  1465 | D        | Found Awku's General Store.
  1465 | D        | Noticed an orc knight
  1465 | D        | Noticed an orc sorcerer
  1471 | D        | Killed an orc knight
  1474 | D        | Killed an orc sorcerer
  1474 | D        | Noticed an orc knight
  1478 | D        | Noticed an orc sorcerer
  1487 | D        | Killed an orc knight
  1495 | D        | Killed an orc sorcerer
  1496 | D        | Reached XP level 12. HP: 128/128 MP: 11/11
  1500 | D        | Found Qaudisu's Antique Armour Shoppe.
  1504 | D        | Found Olythreza's Antique Weapon Emporium.
  1508 | D        | Found Piylufor's Armour Shoppe.
  1523 | D        | Noticed an orc high priest
  1525 | D        | Noticed an orc high priest
  1529 | D        | Killed an orc high priest
  1530 | D        | Reached skill level 25 in Polearms
  1535 | D        | Killed an orc high priest
  1588 | D        | Bought an encrusted trident for 170 gold pieces
  1588 | D        | Identified the +4 trident of Havakuf {drain, *Slow rC+
                  | Str+3 Int+9} (You bought it in a shop in the Dungeon)
  1594 | D        | Bought a +2 pair of gloves for 181 gold pieces
  1599 | D        | Bought a crude chain mail for 180 gold pieces
  1599 | D        | Identified the +5 chain mail of the Iron Devil {rPois rCorr
                  | MP+9} (You bought it in a shop in the Dungeon)
  1599 | D        | Bought glowing ice dragon scales for 1197 gold pieces
  1599 | D        | Bought a pair of boots for 85 gold pieces
  1601 | D        | Bought a scroll of identify for 28 gold pieces
  1601 | D        | Bought a scroll of identify for 28 gold pieces
  1601 | D        | Bought a potion of curing for 42 gold pieces
  1849 | D        | Noticed a centaur warrior
  1849 | D        | Noticed a centaur warrior
  1857 | D        | Killed a centaur warrior
  1860 | D        | Noticed a frost giant
  1861 | D        | Killed a centaur warrior
  1865 | D        | Noticed a tengu warrior
  1873 | D        | Noticed a vampire knight
  1874 | D        | Noticed a rakshasa
  1877 | D        | Reached skill level 26 in Polearms
  1884 | D        | HP: 4/130 [frost giant/bolt of cold (46)]
  1893 | D        | Noticed a fire giant
  1895 | D        | Killed a frost giant
  1896 | D        | Noticed a fire giant
  1907 | D        | Killed a vampire knight
  1917 | D        | Killed a fire giant
  1919 | D        | Noticed an ettin
  1920 | D        | The Shining One protects you from harm!
  1922 | D        | HP: 4/133 [tengu warrior/+1 glaive (11)]
  1927 | D        | Killed a tengu warrior
  1978 | D        | Killed a rakshasa
  1979 | D        | Reached skill level 27 in Polearms
  1980 | D        | Killed an ettin
  2024 | D        | Noticed an ettin
  2029 | D        | Killed an ettin
  2293 | D        | Noticed an anaconda
  2293 | D        | Noticed a naga warrior
  2299 | D        | Noticed a nagaraja
  2302 | D        | Killed an anaconda
  2306 | D        | Killed a naga warrior
  2310 | D        | Reached XP level 13. HP: 142/143 MP: 12/12
  2321 | D        | Killed a nagaraja
  2510 | D        | Noticed a merfolk impaler
  2510 | D        | Noticed a merfolk javelineer
  2522 | D        | Killed a merfolk impaler
  2532 | D        | Killed a merfolk javelineer
  2580 | D        | Identified a +2 trishula of holy wrath (a +0 demon trident
                  | of venom blessed by the Shining One)
  2580 | D        | Received a gift from the Shining One
  3045 | D        | Noticed Kirke
  3180 | D        | Killed Kirke
  3282 | D        | Noticed Sonja
  3289 | D        | Killed Sonja
  3290 | D        | Reached skill level 1 in Invocations
  3296 | D        | Noticed Snorg
  3305 | D        | Killed Snorg
  3306 | D        | Reached skill level 1 in Evocations
  3372 | D        | Noticed a fire dragon
  3372 | D        | Noticed a frost giant
  3376 | D        | Paralysed by a floating eye for 4 turns
  3386 | D        | Killed a fire dragon
  3388 | D        | Paralysed by a floating eye for 3 turns
  3391 | D        | HP: 7/154 [frost giant/bolt of cold (38)]
  3394 | D        | HP: 2/154 [frost giant/+1 battleaxe of freezing (6)]
  3394 | D        | The Shining One protects you from harm!
  3394 | D        | Paralysed by a floating eye for 3 turns
  3395 | D        | Killed from afar by a frost giant

Illustrated notes

Levels and vault maps discovered:
D:        linesprint [early_d, line_temple, items_1, d_10, items_2, lair_1,
          lair_end, items_3, orc_1, orc_end, items_4, d_15, swamp_1, shoals_1,
          snake_1, spider_1, d_20, vaults_1, items_5, swamp_end, shoals_end,
          snake_end, spider_end, vaults_end, d_27, items_6, zot_1, zot_end,
          crypt_end, forest_end, elf_end, slime_end, tomb_end, abyss_end,
          pan_hell_end]

Skill      XL: |  1  2  3  4  5  6  7  8  9 10 11 12 13 |
---------------+----------------------------------------+-----
Polearms       | 4 6 8 10 11 14 17 19 21 24 27 | 27.0
Fighting       | 4 5 6 7 9 11 12 14 16 18 21 25 | 25.4
Armour         | 4 5 6 7 9 11 12 14 16 18 21 25 | 25.3
Invocations    | 2 |  2.3
Evocations     | 2 |  2.1
Shields        | |  3.6

Action                     |  1- 3 |  4- 6 |  7- 9 | 10-12 | 13-15 || total
---------------------------+-------+-------+-------+-------+-------++-------
  Melee: Trident           |    17 |    17 |       |       |       ||    34
         Headbutt          |       |     7 |    14 |    79 |    54 ||   154
         Halberd           |       |    11 |    46 |   287 |    59 ||   403
         Trishula          |       |       |       |       |   115 ||   115
         Unarmed           |       |       |       |       |    10 ||    10
 Invoke: Brand Weapon With |       |       |       |       |     1 ||     1
    Use: Potion            |       |     1 |       |    18 |     1 ||    20
         Scroll            |       |       |       |     6 |       ||     6
 Armour: Scale mail        |     3 |     5 |    22 |    54 |       ||    84
         Plate armour      |       |       |       |    21 |       ||    21
         Chain mail        |       |       |       |    53 |   107 ||   160
  Dodge: Dodged            |     3 |     7 |    20 |    65 |    46 ||   141
  Block: Buckler           |     4 |     4 |       |       |       ||     8
         Tower shield      |       |       |       |       |    75 ||    75
